 Dungeon Crawl Stone Soup version 0.28.0-62-gf88900778d (webtiles) character file.

Game seed: 1992982282566172582

20358 cbfl8 the Severer (level 12, 0/162 HPs)
             Began as a Minotaur Berserker on May 20, 2023.
             Was a High Priest of Trog.
             Slain by a skeletal warrior
             ... wielding a +0 halberd
             ... led by a death knight
              (11 damage)
             ... on level 12 of the Dungeon.
             The game lasted 00:15:18 (13535 turns).

cbfl8 the Severer (Minotaur Berserker)             Turns: 13535, Time: 00:15:19

Health: 0/162      AC: 16    Str: 23    XL:     12   Next: 44%
Magic:  11/11      EV: 11    Int:  4    God:    Trog [*****.]
Gold:   975        SH:  6    Dex: 20    Spells: 11/11 levels left

rFire   x . .      SeeInvis .   z - +0 war axe (flame)
rCold   + . .      Faith    .   x - +0 buckler
rNeg    . . .      Spirit   .   q - +0 chain mail
rPois   .          Reflect  .   (helmet restricted)
rElec   .          Harm     .   j - +0 cloak
rCorr   .          Rampage  .   (no gloves)
Will    .....                   f - +1 pair of boots
Stlth   ..........              B - amulet of regeneration
HPRegen 1.17/turn               k - +6 ring of dexterity
MPRegen 0.12/turn               J - ring of ice

@: berserking, weak-willed, very quick
A: horns 2, retaliatory headbutt
a: Renounce Religion, Berserk, Trog's Hand, Brothers in Arms


You were on level 12 of the Dungeon.
You worshipped Trog.
Trog was extremely pleased with you.
You visited 1 branch of the dungeon, and saw 12 of its levels.
You also visited: Sewer and Ice Cave.

You collected 1305 gold pieces.
You spent 330 gold pieces at shops.

Inventory:

Hand Weapons
 b - a +1 antimagic war axe
 z - a +0 war axe of flaming (weapon)
Armour
 f - a +1 pair of boots (worn)
 j - a +0 cloak (worn)
 q - a +0 chain mail (worn)
 x - a +0 buckler (worn)
Jewellery
 k - a +6 ring of dexterity (left hand)
 l - a ring of protection from fire
 B - an amulet of regeneration (around neck)
 D - a +4 ring of protection
 J - a ring of ice (right hand)
 L - the amulet "Nofaxani" {Faith Will+ Str+3}
   (You found it in an ice cave)

   [amulet of faith]

   It allows you to gain divine favour quickly.
   Str:       It affects your strength (+3).
   Will:      It increases your willpower.
Wands
 a - a wand of iceblast (16)
 v - a wand of flame (39)
 G - a wand of acid (2) (quivered)
 K - a wand of charming (6)
Scrolls
 c - 4 scrolls of teleportation
 i - 5 scrolls of blinking
 m - a scroll of vulnerability {unknown}
 o - a scroll of magic mapping
 s - 2 scrolls of immolation {unknown}
 u - 3 scrolls of fear
 y - a scroll of noise {unknown}
 C - a scroll of acquirement {unknown}
 E - a scroll of brand weapon {unknown}
 I - 2 scrolls of enchant weapon {unknown}
Potions
 d - 3 potions of mutation {unknown}
 e - 4 potions of heal wounds
 g - 2 potions of lignification {unknown}
 n - 7 potions of flight
 p - 3 potions of curing
 r - 4 potions of attraction {unknown}
 t - 2 potions of might {unknown}
 w - a potion of ambrosia {unknown}
 A - 2 potions of magic {unknown}
 F - a potion of cancellation {unknown}
 H - a potion of haste {unknown}


   Skills:
 + Level 10.8 Fighting
 + Level 15.0 Axes
 + Level 11.5 Armour
 + Level 5.0 Dodging
 + Level 1.4 Stealth
 + Level 4.7 Shields
 * Level 8.6 Evocations


You had 11 spell levels left.
You didn't know any spells.
Your spell library was empty.

Dungeon Overview and Level Annotations

Branches:
Dungeon (12/15)            Temple (0/1) D:4            Lair (0/6) D:11
    Orc (0/2) D:11          Sewer (visited)           IceCv (visited)

Altars:
Gozag
Hepliaklqana
Kikubaaqudgha
Ru
Uskayaw
Xom
Zin

Shops:
D:8 ==

Portals:
Trove: D:12 (give 5 scrolls of fog)


Innate Abilities, Weirdness & Mutations

You have a pair of horns on your head.
You reflexively headbutt those who attack you in melee.


Message History

You headbutt the freezing wraith!! You block the freezing wraith's attack.
You hear a shout!
You are too injured to fight recklessly!
You are too injured to fight recklessly!
Unknown command.
You closely miss the freezing wraith.
Your headbutt misses the freezing wraith.
The freezing wraith is heavily damaged.
You hit the skeletal warrior but do no damage.
You slash the phantasmal warrior! You burn the phantasmal warrior.
The skeletal warrior misses you.
You slash the freezing wraith! You burn the freezing wraith!
You destroy the freezing wraith!
Trog accepts your kill.
You hit the phantasmal warrior. You burn the phantasmal warrior.
You slash the skeletal warrior! You burn the skeletal warrior.
The skeletal warrior hits you but does no damage.
You block the phantasmal warrior's attack.
Unknown command.
You slash the skeletal warrior! You burn the skeletal warrior.
The skeletal warrior is severely damaged.
You slice the phantasmal warrior!! You burn the phantasmal warrior.
You destroy the phantasmal warrior!
Trog accepts your kill.
Your Axes skill increases to level 15!
Your Dodging skill increases to level 5!
You hit the skeletal warrior. You burn the skeletal warrior.
The skeletal warrior is severely damaged.
The skeletal warrior hits you from afar with a +0 halberd!
* * * LOW HITPOINT WARNING * * *
The skeletal warrior hits you with a +0 battleaxe!!
* * * LOW HITPOINT WARNING * * *
A death knight comes into view. It is wielding a +0 glaive.
You hit the skeletal warrior. You burn the skeletal warrior.
The skeletal warrior is severely damaged.
You slice the skeletal warrior!! You burn the skeletal warrior.
You destroy the skeletal warrior!
Trog accepts your kill.
The skeletal warrior hits you from afar with a +0 halberd!
You die...

#....#..#......#
#...........#
#....###....#
#########....#
#....#
#..........#.#
#....#
.......#...#.#
#....#
#....#.....#
#.##.#
...#....#....##
#.##.#
.......@.....#
#.##.#
.#......)#...#
#....#
#.≈≈≈≈≈z#####
##...# #.≈...≈..
#.# ...≈.∩.≈..#
...≈...≈..p
#..≈≈≈≈≈....
#...........#


You could see a death knight and a skeletal warrior.

Vanquished Creatures
  2 ice dragons
  2 boulder beetles
  Erica (D:8)
  3 two-headed ogres
  Nergalle (D:12)
  A skeletal warrior (D:12)
  A phantasmal warrior (D:12)
  A cyclops (D:12)
  2 ice statues (IceCv)
  A gargoyle (D:12)
  6 rime drakes
  Maggie (D:6)
  An unseen horror (D:12)
  A freezing wraith (D:12)
  A komodo dragon (D:12)
  4 kobold demonologists (D:11)
  2 trolls
  A polar bear (D:11)
  A shadow (D:11)
  A wyvern (D:7)
  A steam dragon (D:10)
  8 yaks
  2 vampire mosquitoes (D:11)
  An acid dragon (D:12)
  A water moccasin (D:8)
  6 orc warriors
  2 sky beasts (D:5)
  4 wolves (D:11)
  3 necrophages
  6 ogres
  7 centaurs
  A phantom (D:4)
  8 kobold brigands
  A gnoll sergeant (D:8)
  A wyvern zombie (D:7)
  3 bullfrogs
  2 scorpions
  A water moccasin skeleton (D:5)
  3 killer bees (D:10)
  3 lindwurm simulacra (IceCv)
  2 electric eels (D:11)
  7 howler monkeys
  4 crimson imps (D:4)
  5 centaur zombies
  5 komodo dragon simulacra (IceCv)
  A jelly (D:6)
  6 hounds
  A centaur skeleton (D:6)
  7 orc priests
  5 gnoll shamans
  A bullfrog skeleton (D:5)
  4 iguanas
  6 orc wizards
  2 hound skeletons (D:4)
  7 acid dragon simulacra (IceCv)
  28 gnolls
  10 adders
  2 river rats
  2 shadow imps
  2 white imps
  6 steam dragon simulacra (IceCv)
  2 worms
  3 dart slugs (D:2)
  32 orcs
  12 ball pythons
  8 bats
  4 endoplasms
  3 giant cockroaches
  11 goblins
  8 hobgoblins
  6 jackals
  A quokka (D:1)
  8 frilled lizards
  19 kobolds
  7 rats
335 creatures vanquished.

Vanquished Creatures (others)
  6 fungi (D:8)
  9 plants (D:8)
15 creatures vanquished.

Grand Total: 350 creatures vanquished

Notes
Turn   | Place    | Note
-------+----------+-------------------------------------------
     0 | D:1      | cbfl8 the Minotaur Berserker began the quest for the Orb.
     0 | D:1      | Reached XP level 1. HP: 19/19 MP: 0/0
   268 | D:1      | Reached XP level 2. HP: 20/27 MP: 1/1
   269 | D:1      | Reached skill level 4 in Axes
   553 | D:1      | Found a faded altar of an unknown god.
   765 | D:1      | Reached XP level 3. HP: 33/33 MP: 2/2
   982 | D:2      | Reached ** piety under Trog
  1333 | D:2      | Reached XP level 4. HP: 41/41 MP: 3/3
  1554 | D:2      | Found a sacrificial altar of Ru.
  1901 | D:3      | Reached skill level 5 in Axes
  2017 | D:3      | Reached XP level 5. HP: 46/47 MP: 4/4
  2282 | D:3      | Reached *** piety under Trog
  2552 | D:3      | Reached skill level 5 in Fighting
  2552 | D:3      | Reached skill level 1 in Evocations
  3143 | D:4      | Noticed a phantom
  3153 | D:4      | Killed a phantom
  3154 | D:4      | Reached XP level 6. HP: 56/56 MP: 5/5
  3746 | D:4      | Found a shimmering altar of Xom.
  3753 | D:4      | Reached skill level 6 in Axes
  3780 | D:4      | Reached XP level 7. HP: 55/61 MP: 6/6
  3852 | D:4      | Found a staircase to the Ecumenical Temple.
  3946 | D:5      | Entered Level 5 of the Dungeon
  3988 | D:5      | Found a glowing drain.
  4046 | Sewer    | Entered a sewer
  4100 | Sewer    | Reached skill level 7 in Axes
  4412 | Sewer    | Found a white marble altar of Elyvilon.
  4695 | D:5      | Reached skill level 5 in Armour
  4799 | D:5      | Reached XP level 8. HP: 70/70 MP: 7/7
  4851 | D:5      | Reached skill level 8 in Axes
  5049 | D:5      | Reached **** piety under Trog
  6705 | D:6      | Found an opulent altar of Gozag.
  6705 | D:6      | Found a glowing silver altar of Zin.
  6733 | D:6      | Noticed Maggie
  6741 | D:6      | Killed Maggie
  6742 | D:6      | Reached skill level 9 in Axes
  6742 | D:6      | Reached XP level 9. HP: 72/78 MP: 8/8
  7008 | D:7      | Noticed a boulder beetle
  7024 | D:7      | Killed a boulder beetle
  7025 | D:7      | Reached skill level 10 in Axes
  7025 | D:7      | Reached skill level 5 in Evocations
  7945 | D:8      | Reached skill level 11 in Axes
  8427 | D:8      | Found Cereckuf's Jewellery Shoppe.
  8433 | D:8      | Reached XP level 10. HP: 88/88 MP: 9/9
  8441 | D:8      | Reached skill level 1 in Stealth
  8448 | D:8      | Bought an amulet of regeneration for 330 gold pieces
  8531 | D:8      | Found Vov Sibo's Jewellery Shop.
  8832 | D:8      | Noticed Erica
  8838 | D:8      | Killed Erica
  8839 | D:8      | Reached skill level 1 in Shields
  9274 | D:8      | Reached ***** piety under Trog
  9275 | D:8      | Reached skill level 12 in Axes
  9486 | D:9      | Found an ancient bone altar of Kikubaaqudgha.
  9486 | D:9      | Found a hazy altar of Hepliaklqana.
  9486 | D:9      | Found a hide-covered altar of Uskayaw.
 10049 | D:10     | Entered Level 10 of the Dungeon
 10075 | D:10     | Noticed a two-headed ogre
 10086 | D:10     | Killed a two-headed ogre
 10214 | D:10     | Reached XP level 11. HP: 97/97 MP: 10/10
 10307 | D:10     | Noticed a two-headed ogre
 10315 | D:10     | Killed a two-headed ogre
 10316 | D:10     | Reached skill level 10 in Armour
 10376 | D:10     | Reached skill level 13 in Axes
 10835 | D:11     | Found a staircase to the Lair.
 10884 | D:11     | Noticed a boulder beetle
 10898 | D:11     | Killed a boulder beetle
 10932 | D:11     | Noticed a sixfirhy
 10932 | D:11     | Received a gift from Trog
 11136 | D:11     | Found a frozen archway.
 11137 | D:11     | Noticed an ice dragon
 11173 | D:11     | Killed an ice dragon
 11174 | D:11     | Reached skill level 10 in Fighting
 11214 | IceCv    | Entered an ice cave
 11224 | IceCv    | Reached skill level 14 in Axes
 11926 | IceCv    | Noticed an ice dragon
 11934 | IceCv    | Reached XP level 12. HP: 106/106 MP: 11/11
 11938 | IceCv    | Killed an ice dragon
 12015 | IceCv    | Identified the amulet "Nofaxani" {Faith Will+ Str+3}
 12588 | D:11     | Found a staircase to the Orcish Mines.
 12923 | D:12     | Noticed a two-headed ogre
 12931 | D:12     | Killed a two-headed ogre
 12995 | D:12     | Noticed Nergalle
 13010 | D:12     | Killed Nergalle
 13058 | D:12     | Identified the +11 whip "Dragonslayer" {drain, rPois rC++
                  | rCorr Dex-5}
 13517 | D:12     | Found a portal to a secret trove of treasure.
 13533 | D:12     | Reached skill level 15 in Axes
 13533 | D:12     | Reached skill level 5 in Dodging
 13533 | D:12     | Noticed a death knight
 13535 | D:12     | Slain by a skeletal warrior

Illustrated notes

Levels and vault maps discovered:
D:1:      wander_arrival_estate, layout_basic,
          nicolae_ecumenical_snake_handling, minmay_misc_feat_four_crosses,
          chequers_avenue, minmay_curled_crystal, minivault_14,
          minmay_hexomino_p4
D:2:      layout_loops_ring, basic_altar, nicolae_figureground_sparkle
D:3:      layout_rooms, grunt_ministairs_10
D:4:      layout_loops_ring, led_xom_imps, minmay_temple_entry_from_below_a
D:5:      layout_cave_pods, cheibrodos_sewer_entry_sluice,
          kennysheep_generic_room_2
D:6:      layout_loops_ring, grunt_temple_overflow_gold_and_silver, uniq_maggie
D:7:      layout_gridville, st_stairs_9
D:8:      kennysheep_seaside_town, layout_basic, serial_shops,
          nicolae_shop_behind_doors, kennysheep_mini, minmay_misc_feat_five,
          grunt_ministairs_1, st_stairs_1, abandoned_shop, uniq_erica
D:9:      layout_loops_ring, chequers_temple_overflow_statue_of_worship
D:10:     layout_loops_ring
D:11:     layout_loops_ring, erik_lair_island, orc_0_dummy,
          portal_ice_cave_entry_animals_and_master
D:12:     layout_stronghold, nicolae_trove_entry_isolated, uniq_nergalle

Skill      XL: |  1  2  3  4  5  6  7  8  9 10 11 12 |
---------------+-------------------------------------+-----
Axes           | 4 5 6 7 9 11 12 14 15 | 15.0
Fighting       | 4 5 6 7 9 10 | 10.8
Armour         | 3 4 5 7 8 9 10 11 | 11.5
Dodging        | 3 4 5 |  5.0
Evocations     | 1 2 4 5 6 8 |  8.6
Stealth        | 1 |  1.4
Shields        | 1 4 |  4.7

Action                   |  1- 3 |  4- 6 |  7- 9 | 10-12 || total
-------------------------+-------+-------+-------+-------++-------
Melee: Hand axe          |    83 |   160 |   115 |       ||   358
       Headbutt          |    11 |    22 |    48 |   112 ||   193
       Punch             |     2 |     3 |     2 |       ||     7
       War axe           |       |       |   118 |   461 ||   579
Invok: Berserk           |       |     2 |     5 |    11 ||    18
Evoke: Wand              |       |       |       |     3 ||     3
  Use: Scroll            |       |       |     6 |     5 ||    11
Armor: Ring mail         |    38 |    28 |       |       ||    66
       Chain mail        |       |    43 |   128 |   240 ||   411
Dodge: Dodged            |    61 |    65 |   112 |   222 ||   460
Block: Buckler           |       |       |     1 |   104 ||   105
